AoeStats
← Mau5

Lombardia

509341719Analyzed
3v3 RM · 5d ago on Sep 26, 2026· 15m 52s· 6 players
Game mode
Random Map
Map size
Normal (6 player)
Population
200
Speed
Normal
Resources
Standard
Victory
Conquest
Starting age
Dark Age
Ending age
Imperial Age
RankedLock teamsTeams togetherTeam positionsShared explorationLock speedFull tech treeHidden civsTurbo modeCheats
Victory
Defeat
1625
+13
1616
+13
1612
+14
🇬🇧 Burmese · United Kingdom
1590
-14
🇦🇺 Danes · Australia
1565
-14
🇳🇱 Britons · Netherlands
1524
-12
Mau5
11:39 Feudal Age
15:38 Castle Age
13:28 Double-Bit Axe
13:24 Horse Collar
14:34 Loom
Locke
10:40 Feudal Age
14:24 Castle Age
15:09 Loom
Tiekel
7:31 Loom
10:08 Feudal Age
10:45 Town Watch
10:46 Double-Bit Axe
[韓粉戰隊] 南飄賣菜郎
6:50 Loom
9:05 Feudal Age
10:01 Double-Bit Axe
[韓粉戰隊] 台北庶民
6:47 Loom
9:04 Feudal Age
9:41 Double-Bit Axe
13:07 Fletching
[韓粉戰隊] 跟著月亮走
7:00 Loom
9:14 Feudal Age
10:42 Wheelbarrow
10:42 Double-Bit Axe
15:31 Bloodlines
16:21 Scale Barding Armor
Connection lost

Rejoining the realm…

Still unreachable

The connection could not be restored.

Session expired

The server has moved on; the page needs a fresh start.